 Dungeon Crawl Stone Soup version 0.21.1-1-g345015f (webtiles) character file.

385858 iamserjio the Acrobat (level 22, -6/169 HPs)
             Began as an Octopode Monk on Apr 8, 2018.
             Was a High Priest of Yredelemnul.
             Killed from afar by a deep troll earth mage (35 damage)
             ... with a blast of rock fragments
             ... on level 4 of the Depths on Apr 9, 2018.
             The game lasted 10:46:14 (67306 turns).

iamserjio the Acrobat (Octopode Monk)              Turns: 67306, Time: 10:46:15

Health: -6/169     AC:  7    Str: 14    XL:     22   Next: 99%
Magic:  0/51       EV: 33    Int: 17    God:    Yredelemnul [*****.]
Gold:   1443       SH: 15    Dex: 22    Spells: 16/30 levels left

rFire    + + .     SeeInvis +   h - +9 demon blade (elec)
rCold    + . .     Gourm    .   i - +2 shield {AC+3}
rNeg     + . .     Faith    .   J - +3 crown of Dyrovepreva {rElec Int+2 SInv}
rPois    +         Spirit   +   X - amulet of guardian spirit
rElec    +         Reflect  .   n - ring of protection from fire
rCorr    +         Harm     .   w - ring "Toxuuf" {rCorr +Fly rElec Dex+4}
MR       ++...                  v - ring of magical power
Stlth    +++++++...             e - ring of magical power
HPRegen  0.38/turn              W - ring of Ded Peq {rF+ rC+ Int+2 Dex-2 Stlth+}
MPRegen  0.32/turn              q - ring of positive energy
                                P - ring of protection from magic
                                o - ring of poison resistance

@: drained
A: almost no armour, stealthy swim, amphibious, 8 rings, constrict 8, camouflage
1, gelatinous body 1, subdued magic 1
}: 2/15 runes: decaying, gossamer
a: Recall Undead Slaves, Injury Mirror, Animate Dead, Drain Life, Enslave Soul,
Renounce Religion, Evoke Flight


You were on level 4 of the Depths.
You worshipped Yredelemnul.
Yredelemnul was extremely pleased with you.
You were not hungry.

You visited 11 branches of the dungeon, and saw 48 of its levels.
You visited 1 bazaar.
You also visited: Sewer.

You collected 5529 gold pieces.
You spent 4086 gold pieces at shops.

Inventory:

Hand Weapons
 a - a +5 vampiric long sword
 h - a +9 demon blade of electrocution (weapon)
 j - a +9 falchion of freezing
 s - a +1 scimitar of flaming
 G - the +1 long sword of Punishment {slice, rPois Dex+7}
   (You bought it in a shop on level 2 of the Orcish Mines)

   It inflicts extra damage upon your enemies.
   It affects your dexterity (+7).
   It protects you from poison.
Armour
 i - a +2 shield of protection (worn)
 p - a +3 buckler of positive energy
 J - the +3 crown of Dyrovepreva (worn) {rElec Int+2 SInv}
   (You found it on level 3 of the Elven Halls)

   It affects your intelligence (+2).
   It insulates you from electricity.
   It lets you see invisible.
Jewellery
 e - a ring of magical power (on tentacle)
 n - a ring of protection from fire (left tentacle)
 o - a ring of poison resistance (on tentacle)
 q - a ring of positive energy (on tentacle)
 v - a ring of magical power (on tentacle)
 w - the ring "Toxuuf" (right tentacle) {rCorr +Fly rElec Dex+4}
   (You bought it in a shop on level 6 of the Dungeon)

   [ring of resist corrosion]

   It affects your dexterity (+4).
   It insulates you from electricity.
   It lets you fly.
 H - the ring of Xiud {Wiz rC+}
   (You found it on level 3 of the Elven Halls)

   [ring of wizardry]

   It improves your spell success rate.
   It protects you from cold.
 L - an uncursed amulet of rage
 P - a ring of protection from magic (on tentacle)
 T - an uncursed ring of protection from fire
 W - the ring of Ded Peq (on tentacle) {rF+ rC+ Int+2 Dex-2 Stlth+}
   (You acquired it on level 3 of the Spider Nest)

   [ring of intelligence]

   It affects your intelligence (+2).
   It affects your dexterity (-2).
   It protects you from fire.
   It protects you from cold.
   It makes you more stealthy.
 X - an amulet of guardian spirit (around mantle)
Wands
 f - a wand of acid (21)
 r - a wand of digging (15)
 B - a wand of disintegration (37)
Scrolls
 c - 6 scrolls of enchant armour
 d - 7 scrolls of fog
 g - 17 scrolls of teleportation
 k - 7 scrolls of magic mapping
 m - a scroll of blinking
 t - a scroll of brand weapon
 u - 2 scrolls of enchant weapon
 y - 4 scrolls of fear
 D - a scroll of silence
 E - 7 scrolls of vulnerability
 F - 17 scrolls of remove curse
 K - 8 scrolls of immolation
 M - 2 scrolls of torment
 V - a scroll of summoning
Potions
 x - 9 potions of haste
 z - 3 potions of might
 A - 16 potions of curing
 C - 4 potions of agility
 I - 6 potions of ambrosia
 N - 3 potions of invisibility
 O - 4 potions of mutation
 U - 4 potions of cancellation
Miscellaneous
 S - a phantom mirror
 Z - a phial of floods
Comestibles
 b - 40 rations


   Skills:
 * Level 19.5(18.3) Fighting
   Level 3.0(8.7) Short Blades
 - Level 13.8(12.9) Long Blades
 * Level 23.4(22.0) Dodging
 - Level 10.0(9.0) Stealth
 + Level 12.6(11.5) Shields
 - Level 4.6(3.7) Spellcasting
 - Level 15.1(14.0) Invocations


You had 16 spell levels left.
You knew the following spells:

 Your Spells              Type           Power        Failure   Level  Hunger
a - Regeneration          Chrm/Necr      #.........   54%         3    ###....
b - Ozocubu's Armour      Chrm/Ice       #.......     54%         3    ###....
c - Call Canine Familiar  Summ           #.......     54%         3    ###....
d - Blink                 Tloc           N/A          32%         2    ##.....
e - Mephitic Cloud        Conj/Pois/Air  #.......     54%         3    ###....


Dungeon Overview and Level Annotations

Branches:
Dungeon (15/15)            Temple (1/1) D:5            Lair (6/6) D:11
  Swamp (4/4) Lair:2       Spider (4/4) Lair:2        Slime (2/5) Lair:5
    Orc (2/2) D:10            Elf (3/3) Orc:2        Vaults (5/5) D:14
  Crypt (2/3) Vaults:2     Depths (4/5) D:15

Altars:
Ashenzari
Cheibriados
Elyvilon
Fedhas
Gozag
Hepliaklqana
Kikubaaqudgha
Makhleb
Nemelex Xobeh
Okawaru
Qazlal
Ru
Sif Muna
Trog
Uskayaw
Vehumet
Wu Jian
Xom
Yredelemnul
Zin
The Shining One
Beogh

Shops:
D:6 =   D:7 !   D:11 (   D:12 *%*[   Orc:2 *[*!   Vaults:4 *   Depths:3 ?

Portals:
Hell: Depths:1 Depths:2 Depths:3 Depths:4
Abyss: Depths:2 Depths:4
Pandemonium: Depths:3
Trove: D:11 (show abyssal rune of Zot)

Annotations:
Depths:3 Mennas, Xtahua


Innate Abilities, Weirdness & Mutations

You cannot wear most types of armour.
You are very stealthy in the water. (Stealth+)
You are amphibious.
You can wear up to eight rings at the same time.
You can use your tentacles to constrict eight enemies at once.
Your skin changes colour to match your surroundings (Stealth+).
Your rubbery body absorbs attacks. (AC +1, EV +1)
Your spells are a little easier to cast, but a little less powerful.


Message History

The deep troll earth mage closely misses you.
You block the deep troll earth mage's attack.
You hit the deep troll earth mage.
The deep troll earth mage is severely wounded.
The deep troll earth mage misses you.
You block the deep troll earth mage's attack.
The deep troll earth mage completely misses you.
You hit the deep troll earth mage but do no damage.
The deep troll earth mage is severely wounded.
You slash the deep troll earth mage! You squeeze the deep troll earth mage.
The deep troll earth mage is almost dead.
The deep troll earth mage completely misses you.
You block the deep troll earth mage's attack.
The deep troll earth mage completely misses you.
You closely miss the deep troll earth mage.
The deep troll earth mage is almost dead.
The deep troll earth mage points at you and mumbles some strange words.
The wall shatters!
The blast of rock fragments hits you!
You die...
Your body rises from the dead as a mindless zombie.

......:..........................
.>............#######.......)....
.......########..∩..########[####
#...##.### #.......#.# ##).#..
)#)#.#.#.## ##........#####Z..#..
))).......# #...)........##.#....
(#(#.#.#.####...)........##≈.....
(((............)).........≈......
(#..<#.#.##....)@..'.....≈.≈.≈.≈≈
...............T)###.)...≈≈♣≈≈≈≈.
.#.#.T.#................≈≈≈♣♣♣♣≈n
.....C.D.....####........≈≈♣ ♣≈≈
.#.#.#..T#...# #.......≈.≈♣ ♣♣≈≈
........C....# #.##.##..≈≈≈♣♣♣≈≈≈
.#.#(#.#.....#... ......#...≈≈≈≈.
#######........# ###..........≈#
##.......# #.########.#


You could see a deep troll earth mage.

Vanquished Creatures
  A greater mummy (Crypt:2)
  Boris (Depths:3)
  A bone dragon (Elf:2)
  A tentacled monstrosity (Depths:4)
  A quicksilver dragon (Depths:3)
  An ancient champion (Crypt:1)
  A shadow dragon (Depths:4)
  Kirke (Swamp:3)
  2 tengu reavers
  5 vault wardens
  3 orc warlords
  3 fire giants
  Aizul (Depths:1)
  2 frost giants
  8 ironheart preservers
  5 stone giants
  9 very ugly things
  An entropy weaver (Vaults:4)
  A deep elf demonologist (Elf:2)
  4 vampire knights
  An eidolon (Crypt:1)
  2 spark wasps (Depths:3)
  A deep elf annihilator (Elf:3)
  3 ettins
  4 fire dragons
  A quicksilver dragon zombie (Crypt:1)
  10 yaktaur captains
  3 great orbs of eyes
  7 ogre magi
  7 vault guards
  6 hydras
  4 ice dragons
  8 centaur warriors
  A spriggan air mage (Depths:3)
  A catoblepas (D:14)
  21 two-headed ogres
  4 alligators (Swamp:2)
  4 death knights
  3 dancing weapons
  A tengu warrior (D:15)
  6 deep troll shamans
  5 vampire magi
  A death yak (Lair:6)
  4 deep troll earth magi
  Nergalle (D:11)
  A titan zombie (Crypt:1)
  A spriggan berserker (Depths:2)
  4 hell knights (Depths:4)
  5 deep elf knights
  A shadow wraith (Vaults:2)
  The ghost of Mesmaeker13 the Nimble, a novice DEIE of Sif Muna (D:10)
  3 glowing orange brains
  6 skeletal warriors
  3 iron trolls (Depths:3)
  5 wizards
  4 swamp dragons
  12 deep trolls
  A glowing orange brain (shapeshifter) (Depths:4)
  2 harpies (shapeshifter)
  A flayed ghost (Depths:3)
  20 deep elf magi
  3 harpies (Vaults:4)
  6 ironbrand convokers
  A deep elf archer (Elf:3)
  2 necromancers
  7 orc knights
  5 phantasmal warriors
  4 orb spiders
  6 wolf spiders
  2 salamanders
  3 orc sorcerers (Orc:1)
  3 manticores
  A wolf spider zombie (Crypt:1)
  5 cyclopes
  22 ugly things
  3 elephants (Lair:5)
  A stone giant skeleton (Crypt:1)
  2 black mambas (Lair:4)
  A gargoyle (D:9)
  7 spiny frogs
  7 vault sentinels
  A guardian serpent (shapeshifter) (Vaults:1)
  6 centaur skeletons
  A storm dragon simulacrum (Vaults:2)
  A torpor snail (Lair:6)
  3 spectral swamp worms (Depths:2)
  32 yaktaurs
  A komodo dragon (shapeshifter) (Vaults:3)
  2 komodo dragons
  2 demonic crawlers
  6 freezing wraiths
  9 trolls
  3 queen bees (shapeshifter)
  A red devil (Depths:3)
  6 jumping spiders
  A meliai (D:14)
  A tengu conjurer (Depths:3)
  A hydra skeleton (Crypt:1)
  3 bog bodies
  4 hornets
  A raiju (shapeshifter) (Depths:2)
  3 blink frogs
  2 meliai zombies
  12 slime creatures
  2 tyrant leeches
  9 hippogriffs
  7 dream sheep
  A redback (shapeshifter) (Vaults:1)
  A shadow (D:15)
  3 flying skulls (Crypt:1)
  2 fire elementals
  15 redbacks
  7 tarantellas
  An air elemental (Depths:3)
  A spriggan (Depths:2)
  An ettin skeleton (Crypt:1)
  2 hogs (Swamp:3)
  A fire bat (Lair:5)
  20 yaks
  6 wraiths
  2 basilisks
  A human simulacrum (Vaults:2)
  2 steam dragons (D:7)
  A hungry ghost (D:8)
  A yaktaur simulacrum (Vaults:2)
  5 vampire mosquitoes
  4 insubstantial wisps (Swamp:2)
  7 swamp worms
  4 wargs
  A large abomination (Crypt:1)
  2 hydra simulacra (Depths:3)
  6 soldier ants
  4 acid dragons
  9 water moccasins
  A gelid demonspawn skeleton (Crypt:1)
  9 porcupines
  28 orc warriors
  3 swamp drakes
  A floating eye (Depths:2)
  3 sky beasts
  An eye of draining (D:9)
  5 phantoms
  A spiny frog skeleton (Crypt:2)
  A black bear (shapeshifter) (Elf:2)
  2 necrophages (D:8)
  3 ice beasts
  21 ogres
  An eye of draining (shapeshifter) (D:15)
  4 wolves (Lair:6)
  12 boggarts
  10 centaurs
  A snapping turtle skeleton (Crypt:1)
  A hog zombie (Crypt:2)
  6 crocodiles
  2 big kobolds
  15 bullfrogs
  An earth elemental (Elf:3)
  2 wyvern zombies
  A glowing shapeshifter simulacrum (Vaults:1)
  A wyvern skeleton (D:9)
  A water moccasin skeleton (D:8)
  6 scorpions
  An elf simulacrum (Vaults:2)
  15 killer bees
  A polar bear skeleton (Crypt:1)
  9 wights
  4 electric eels
  5 howler monkeys
  6 crimson imps
  A quasit (D:11)
  6 hounds
  17 orc priests
  A gnoll shaman (D:9)
  4 jellies
  16 orc wizards
  4 iguanas
  17 worker ants
  A big kobold skeleton (Crypt:2)
  2 hound zombies (D:9)
  A crocodile skeleton (Crypt:1)
  3 hound skeletons
  A howler monkey zombie (D:9)
  3 worker ant zombies
  11 gnolls
  A howler monkey skeleton (D:11)
  12 adders
  An ooze (D:3)
  An adder zombie (D:7)
  2 adder skeletons
  3 worms
  3 dart slugs
  10 leopard geckos
  83 orcs
  4 ball pythons
  5 giant cockroaches
  4 goblins
  11 hobgoblins
  24 kobolds
  3 quokkas
  A river rat zombie (Crypt:2)
  A ball python skeleton (Crypt:1)
  11 bats
  4 frilled lizards
  A leopard gecko skeleton (D:5)
  2 quokka zombies
  10 rats
  A fungus (Lair:6)
1022 creatures vanquished.

Vanquished Creatures (collateral kills)
  An ancient lich (Vaults:4)
  A greater mummy (Crypt:2)
  Saint Roka (Elf:2)
  Margery (Crypt:1)
  the Lernaean hydra (Swamp:4)
  Jory (Vaults:4)
  A golden dragon (Vaults:4)
  Jorgrun (Swamp:3)
  Rupert (Orc:2)
  A tentacled monstrosity (Swamp:2)
  A lich (Vaults:4)
  A titan (Depths:4)
  A deep elf master archer (Elf:3)
  A quicksilver dragon (Depths:2)
  2 deep elf blademasters (Elf:3)
  The ghost of Terandir the Severer, an adept MiFi of Cheibriados (Elf:1)
  Frances (Swamp:1)
  2 thorn hunters
  An ancient champion (Crypt:2)
  4 tengu reavers
  Donald (Swamp:2)
  2 storm dragons
  A shadow dragon (Vaults:4)
  An azure jelly (Slime:1)
  Roxanne (Swamp:3)
  A frost giant (Depths:3)
  2 fire giants
  8 vault wardens
  7 emperor scorpions (Spider:4)
  A ghoul (Crypt:2)
  4 deep elf elementalists (Elf:3)
  6 deep elf sorcerers
  5 ironheart preservers
  A curse skull (Crypt:2)
  A war gargoyle (Vaults:4)
  A stone giant (Depths:2)
  A reaper (Crypt:2)
  5 very ugly things
  A vampire knight (Crypt:1)
  5 entropy weavers
  Azrael (Orc:2)
  5 deep elf demonologists
  8 deep elf annihilators
  3 spark wasps
  2 eidola
  2 deep elf death magi (Elf:3)
  2 crystal guardians (Vaults:4)
  Josephine (D:12)
  2 deep elf high priests (Elf:3)
  A quicksilver dragon zombie (Crypt:1)
  5 ettins
  10 yaktaur captains
  7 fire dragons
  2 great orbs of eyes
  Harold (D:9)
  27 vault guards
  2 rakshasas
  An ice dragon (Vaults:4)
  21 hydras
  A catoblepas (D:15)
  5 death yaks (Lair:6)
  9 ogre magi
  9 centaur warriors
  33 two-headed ogres
  A queen ant (Spider:3)
  2 death knights
  26 dancing weapons
  2 alligators (Swamp:1)
  A tengu warrior (Depths:2)
  2 deep troll shamans
  An orc high priest (Elf:2)
  4 deep troll earth magi
  3 vampire magi
  2 spriggan berserkers (Depths:2)
  7 hell knights
  Urug (Lair:4)
  14 deep elf knights
  A spark wasp zombie (Crypt:2)
  14 skeletal warriors
  A fire crab (D:15)
  2 unseen horrors
  A large abomination (Elf:3)
  16 deep trolls
  An iron giant zombie (Crypt:2)
  2 wizards
  12 swamp dragons
  4 phantasmal warriors
  7 ironbrand convokers
  3 flayed ghosts
  3 glowing orange brains
  An anaconda zombie (Crypt:1)
  12 deep elf archers
  A harpy (Vaults:4)
  2 necromancers
  A shambling mangrove (Swamp:2)
  10 orb spiders
  10 orc knights
  35 deep elf magi
  19 ugly things
  A faun (shapeshifter) (Elf:2)
  A manticore (D:11)
  A shining eye (Slime:1)
  5 orc sorcerers
  A salamander (Depths:3)
  16 wolf spiders
  A fire giant zombie (Depths:1)
  5 cyclopes
  14 elephants
  A centaur zombie (D:10)
  A black mamba (Lair:2)
  4 moths of wrath
  A torpor snail (Spider:3)
  6 vault sentinels
  4 gargoyles
  A torpor snail (shapeshifter) (D:14)
  A spriggan skeleton (Depths:1)
  2 spectral swamp worms (Depths:2)
  3 spiny frogs
  2 rime drakes
  A rime drake (shapeshifter) (D:15)
  29 yaktaurs
  2 komodo dragons
  6 demonic crawlers
  4 freezing wraiths
  7 trolls
  A hellwing (Depths:2)
  A troll (shapeshifter) (D:15)
  25 jumping spiders
  A red devil (Depths:3)
  2 tyrant leeches
  5 hornets
  A black draconian skeleton (Crypt:1)
  A hornet (shapeshifter) (Vaults:3)
  7 bog bodies
  2 blink frogs (Lair:4)
  7 dream sheep
  A jumping spider zombie (Spider:4)
  A slime creature (shapeshifter) (Elf:1)
  A hippogriff (Lair:4)
  24 slime creatures
  A spriggan zombie (Depths:1)
  A flying skull (Crypt:1)
  A centaur simulacrum (D:15)
  A vampire (Elf:3)
  2 spriggans
  2 air elementals (Depths:3)
  A guardian serpent skeleton (Crypt:1)
  A water elemental (Depths:3)
  3 shadows
  43 redbacks
  An ice dragon skeleton (Depths:1)
  A basilisk (D:13)
  13 tarantellas
  3 wraiths
  A tyrant leech zombie (Crypt:1)
  A fire bat (Lair:5)
  23 yaks
  3 vampire mosquitoes
  A basilisk (shapeshifter) (D:14)
  A human zombie (Vaults:4)
  3 fire elementals
  16 swamp worms
  2 hungry ghosts
  11 insubstantial wisps
  2 wargs (Vaults:2)
  A water moccasin (Lair:5)
  3 hell hounds (Orc:2)
  21 soldier ants
  3 acid dragons
  A porcupine (D:11)
  28 orc warriors
  An ice beast (D:14)
  An elf zombie (Elf:3)
  10 swamp drakes
  A sky beast (D:14)
  30 ogres
  2 eyes of draining
  A necrophage (D:11)
  2 boggarts
  A tengu (shapeshifter) (D:14)
  4 wolves (Lair:6)
  An elephant skeleton (Crypt:2)
  A swamp dragon skeleton (Crypt:2)
  5 crocodiles
  A lindwurm skeleton (Crypt:1)
  7 centaurs
  2 big kobolds
  4 bullfrogs
  A yaktaur zombie (Depths:4)
  An earth elemental (Elf:2)
  3 killer bees (D:9)
  8 wights
  An electric eel (Spider:4)
  A lava snake (Lair:6)
  8 jellies
  7 orc priests
  12 orc wizards
  3 quasits
  A bullfrog skeleton (D:7)
  16 worker ants
  An iguana (D:10)
  An adder (D:12)
  6 shadow imps
  25 orcs
  4 kobolds
  A bush (Lair:6)
  31 fungi
  9 plants
1073 creatures vanquished.

Vanquished Creatures (others)
  5 bone dragons
  A spectral demigod (Vaults:4)
  A spectral juggernaut (Depths:4)
  A spectral tengu (Depths:3)
  8 ghouls
  5 vampire knights
  A spectral rakshasa (Spider:4)
  A slime creature (Slime:1)
  A spark wasp (Depths:3)
  2 spectral sphinxes
  2 spectral fire giants
  A spectral balrug (Depths:4)
  2 spectral stone giants
  A very ugly thing skeleton (Depths:4)
  2 hydras (Swamp:4)
  3 small abominations
  9 skeletal warriors
  A spark wasp zombie (Depths:4)
  An unseen horror (D:15)
  6 flayed ghosts
  2 spectral ettins (Depths:4)
  An entropy weaver zombie (Vaults:3)
  10 phantasmal warriors
  3 wolf spider zombies
  4 deep elf magi
  A wolf spider (Spider:1)
  9 ugly thing zombies
  A torpor snail (Spider:3)
  A spriggan zombie (Depths:3)
  15 yaktaur zombies
  An iron troll zombie (Depths:3)
  3 ghoul skeletons
  3 redback zombies
  4 spectral elves
  A swamp worm zombie (Swamp:4)
  A spectral orc (Orc:1)
  A hydra zombie (Swamp:4)
  2 harpy zombies (Vaults:4)
  3 tarantella zombies (Spider:1)
  A blink frog (Lair:5)
  3 fire dragon zombies
  A hornet (Depths:3)
  An alligator zombie (Swamp:1)
  An ice dragon zombie (Depths:2)
  4 jumping spider zombies
  A spectral cyclops (D:13)
  9 vampires
  4 elf zombies
  A redback (Spider:1)
  4 water elementals
  An ice dragon skeleton (Vaults:4)
  2 wraiths
  5 deep troll zombies
  A spiny frog zombie (Lair:6)
  6 two-headed ogre zombies
  2 deep troll skeletons
  2 spectral trolls
  6 hydra simulacra (Depths:3)
  3 hornet zombies
  5 human zombies
  3 swamp dragon zombies
  An ogre (Depths:2)
  5 orc skeletons
  2 vampire mosquito zombies
  A rime drake skeleton (Lair:6)
  An elf skeleton (Lair:6)
  2 water moccasin zombies
  A yak zombie (D:14)
  A wight (Orc:1)
  A warg skeleton (Orc:1)
  A troll zombie (Orc:2)
  A yak skeleton (D:10)
  3 bullfrog zombies
  3 wolf zombies (Lair:6)
  A basilisk zombie (D:13)
  5 soldier ant zombies (Spider:3)
  2 centaur zombies
  A human skeleton (Lair:6)
  A bog body skeleton (Swamp:1)
  5 killer bee zombies
  A crocodile zombie (Lair:5)
  5 ogre zombies
  A big kobold zombie (D:10)
  An acid dragon zombie (D:12)
  3 ogre skeletons
  3 mummies
  A worker ant zombie (D:9)
  A scorpion zombie (D:6)
  3 swamp drake zombies (Swamp:4)
  3 adder zombies
  2 orcs
  3 gnoll zombies (D:9)
  5 kobold zombies
  A leopard gecko zombie (D:9)
  28 orc zombies
  4 crawling corpses (Elf:2)
  28 fungi
  39 plants
356 creatures vanquished.

Grand Total: 2451 creatures vanquished

Notes
Turn   | Place    | Note
-------+----------+-------------------------------------------
     0 | D:1      | iamserjio the Octopode Monk began the quest for the Orb.
     0 | D:1      | Reached XP level 1. HP: 16/16 MP: 1/1
    88 | D:1      | Reached XP level 2. HP: 18/21 MP: 2/2
   330 | D:1      | Reached XP level 3. HP: 21/26 MP: 3/3
  1068 | D:1      | Reached XP level 4. HP: 19/31 MP: 4/4
  1229 | D:1      | Reached skill level 4 in Dodging
  1855 | D:4      | Reached skill level 5 in Stealth
  1855 | D:4      | Reached XP level 5. HP: 37/37 MP: 5/5
  1904 | D:4      | Noticed a phantom
  1921 | D:4      | Killed a phantom
  1921 | D:4      | Reached XP level 6. HP: 43/43 MP: 6/6
  1963 | D:4      | Found a glowing drain.
  1978 | Sewer    | Entered a sewer
  2316 | Sewer    | Reached skill level 5 in Dodging
  2509 | D:4      | Reached XP level 7. HP: 32/49 MP: 7/7
  2882 | D:4      | Found a white marble altar of Elyvilon.
  2882 | D:4      | Found a shattered altar of Ashenzari.
  2885 | D:4      | Found a shimmering altar of Xom.
  3233 | D:3      | Reached skill level 6 in Dodging
  3506 | D:5      | Entered Level 5 of the Dungeon
  3626 | D:5      | Reached skill level 5 in Fighting
  3626 | D:5      | Reached skill level 1 in Long Blades
  3747 | D:5      | Reached XP level 8. HP: 55/55 MP: 8/8
  3752 | D:5      | Reached skill level 7 in Dodging
  4012 | D:4      | Found a burning altar of Makhleb.
  4012 | D:4      | Found a hide-covered altar of Uskayaw.
  4296 | D:5      | Found a staircase to the Ecumenical Temple.
  4311 | Temple   | Entered the Ecumenical Temple
  4385 | Temple   | Became a worshipper of Yredelemnul the Dark
  4385 | Temple   | Reached * piety under Yredelemnul
  4385 | Temple   | Reached ** piety under Yredelemnul
  4667 | D:6      | Reached skill level 8 in Dodging
  4751 | D:6      | Reached skill level 1 in Invocations
  5033 | D:6      | Reached XP level 9. HP: 55/62 MP: 10/10
  5686 | D:6      | Found Quireakh's Jewellery Boutique.
  5987 | D:7      | Reached skill level 9 in Dodging
  6799 | D:7      | Found Wiuce's Distillery.
  7108 | D:7      | Bought a potion of agility for 56 gold pieces
  7181 | D:7      | Reached skill level 5 in Long Blades
  7292 | D:8      | Noticed a two-headed ogre
  7294 | D:8      | Reached XP level 10. HP: 51/71 MP: 13/13
  7450 | D:8      | Noticed a two-headed ogre
  7466 | D:8      | Killed a two-headed ogre
  7466 | D:8      | Reached skill level 10 in Dodging
  7635 | D:8      | Reached *** piety under Yredelemnul
  7678 | D:8      | Reached skill level 5 in Invocations
  8647 | D:8      | Found a burning altar of Makhleb.
  8836 | D:9      | Reached **** piety under Yredelemnul
  8948 | D:9      | Found a glowing golden altar of the Shining One.
  8954 | D:9      | Reached skill level 11 in Dodging
  9098 | D:9      | Noticed a gargoyle
  9266 | D:9      | Killed a gargoyle
  9266 | D:9      | Reached XP level 11. HP: 77/77 MP: 15/15
  9350 | D:9      | Received a gift from Yredelemnul (a mummy)
  9633 | D:9      | Paralysed by a hornet for 1 turns
  9983 | D:10     | Entered Level 10 of the Dungeon
 10020 | D:10     | Noticed Harold
 10190 | D:9      | Killed Harold
 10191 | D:9      | Received a gift from Yredelemnul (a mummy)
 10299 | D:10     | Noticed Mesmaeker13's ghost (novice DEIE)
 10332 | D:10     | Killed Mesmaeker13's ghost
 11507 | D:10     | Reached skill level 12 in Dodging
 11766 | D:10     | Found a staircase to the Orcish Mines.
 11856 | Orc:1    | Entered Level 1 of the Orcish Mines
 11863 | Orc:1    | Noticed an orc knight
 12106 | Orc:1    | Reached ***** piety under Yredelemnul
 12307 | Orc:2    | Entered Level 2 of the Orcish Mines
 12307 | Orc:2    | Found a roughly hewn altar of Beogh.
 12307 | Orc:2    | Found a staircase to the Elven Halls.
 12307 | Orc:2    | Noticed Rupert
 12308 | Orc:2    | Received a gift from Yredelemnul (a wight)
 12478 | Orc:1    | Noticed an orc sorcerer
 12488 | Orc:1    | Killed an orc sorcerer
 13167 | Orc:2    | Received a gift from Yredelemnul (a mummy)
 13246 | Orc:1    | Noticed an orc warlord
 13767 | D:11     | Reached XP level 12. HP: 73/85 MP: 17/17
 13767 | D:11     | Received a gift from Yredelemnul (a vampire)
 14267 | D:11     | Found a staircase to the Lair.
 14446 | D:11     | Found a portal to a secret trove of treasure.
 14489 | D:11     | Noticed Nergalle
 14504 | D:11     | Killed Nergalle
 14594 | D:11     | Found Iguwisk's Weapon Boutique.
 15337 | D:12     | Found Vaqax's Assorted Antiques.
 15337 | D:12     | Noticed Josephine
 15375 | D:12     | Killed Josephine
 15376 | D:12     | You fall through a shaft for 2 floors!
 15704 | D:13     | Received a gift from Yredelemnul (a wraith)
 15721 | D:13     | Reached skill level 13 in Dodging
 15941 | D:13     | Noticed an eight-headed hydra
 16140 | D:13     | Noticed a two-headed ogre
 16151 | D:13     | Killed a two-headed ogre
 16558 | Lair:1   | Entered Level 1 of the Lair of Beasts
 16755 | Lair:1   | Received a gift from Yredelemnul (a vampire)
 17264 | Lair:1   | Reached skill level 10 in Fighting
 17674 | Lair:2   | Found a hole to the Spider Nest.
 17845 | Lair:2   | Received a gift from Yredelemnul (a vampire)
 18020 | Lair:2   | Found a staircase to the Swamp.
 18120 | Lair:2   | Reached XP level 13. HP: 58/92 MP: 19/19
 18470 | Lair:3   | Reached skill level 10 in Stealth
 19856 | Lair:4   | Noticed Urug
 19865 | Lair:4   | Killed Urug
 20354 | Lair:4   | Reached skill level 14 in Dodging
 21376 | Lair:5   | Found a staircase to the Slime Pits.
 21602 | Lair:6   | Entered Level 6 of the Lair of Beasts
 21823 | Lair:5   | Reached skill level 10 in Invocations
 22653 | D:12     | Bought a scroll labeled TIBYGE AZEA for 33 gold pieces
 22653 | D:12     | Bought a potion of curing for 99 gold pieces
 22653 | D:12     | Bought a sapphire potion for 29 gold pieces
 22653 | D:12     | Bought a potion of curing for 99 gold pieces
 22653 | D:12     | Bought a cyan potion for 29 gold pieces
 22653 | D:12     | Bought a bronze wand for 132 gold pieces
 22655 | D:12     | Found Ihivus's Food Shop.
 23082 | D:6      | Bought the ring "Toxuuf" {rCorr +Fly rElec Dex+4} for 489 gold pieces
 23082 | D:6      | Bought a cursed amulet of guardian spirit for 297 gold pieces
 23673 | Orc:1    | Killed an orc warlord
 23854 | Orc:1    | Reached skill level 10 in Long Blades
 24280 | Orc:1    | Found a deep blue altar of Sif Muna.
 24295 | Orc:1    | Identified Sif Muna's Reference Book on the Volcanoes
 24422 | Orc:1    | Received a gift from Yredelemnul (a skeletal warrior)
 24460 | Orc:1    | Paralysed by an orc sorcerer for 5 turns
 24485 | Orc:1    | Reached XP level 14. HP: 30/99 MP: 6/21
 24857 | Orc:1    | Noticed an orc warlord
 25184 | Orc:1    | Found a roughly hewn altar of Beogh.
 25378 | Orc:1    | Killed an orc warlord
 25378 | Orc:1    | Reached skill level 15 in Dodging
 25748 | Orc:2    | Paralysed by Rupert for 2 turns
 25756 | Orc:2    | Killed Rupert
 26145 | Orc:2    | Received a gift from Yredelemnul (a wraith)
 26340 | Orc:2    | Reached ****** piety under Yredelemnul
 26417 | Orc:2    | Received a gift from Yredelemnul (a skeletal warrior)
 26716 | Orc:2    | Found Pametwel's Assorted Antiques.
 26717 | Orc:2    | Found Raotith's Assorted Antiques.
 26722 | Orc:2    | Found Uronub's Armour Emporium.
 26723 | Orc:2    | Found Vyugriw's Distillery.
 26793 | Orc:2    | Bought a scorched long sword for 263 gold pieces
 26793 | Orc:2    | Bought a spiked buckler for 294 gold pieces
 26793 | Orc:2    | Identified the cursed +1 long sword of Punishment {slice, rPois Dex+7} (You bought it in a shop on level 2 of the Orcish Mines)
 26799 | Orc:2    | Identified the +2 buckler "Dofael" {Int+3 Stlth+} (You bought it in a shop on level 2 of the Orcish Mines)
 26812 | Orc:2    | Bought a potion of heal wounds for 60 gold pieces
 26840 | Orc:2    | Noticed Azrael
 26852 | Orc:2    | Killed Azrael
 27605 | Lair:6   | Reached skill level 1 in Shields
 27854 | Lair:6   | Reached skill level 16 in Dodging
 28177 | Lair:6   | Received a gift from Yredelemnul (a phantasmal warrior)
 28281 | Lair:6   | Reached XP level 15. HP: 97/105 MP: 23/23
 28547 | Swamp:1  | Entered Level 1 of the Swamp
 29093 | Swamp:1  | Received a gift from Yredelemnul (a flayed ghost)
 29592 | Swamp:1  | Noticed Frances
 29610 | Swamp:1  | Killed Frances
 30043 | Swamp:2  | Got a faintly glowing flail
 30286 | Swamp:2  | Noticed a thorn hunter
 30297 | Swamp:2  | Killed a thorn hunter
 30546 | Swamp:2  | Noticed Donald
 30560 | Swamp:2  | Killed Donald
 30806 | Swamp:2  | Received a gift from Yredelemnul (a phantasmal warrior)
 30868 | Swamp:2  | Identified the +6 flail of Porah {antimagic, rC+ Str+3} (You found it on level 2 of the Swamp)
 31101 | Swamp:3  | Noticed Mara
 31250 | Swamp:2  | Noticed a tentacled monstrosity
 31263 | Swamp:2  | Killed a tentacled monstrosity
 31427 | Swamp:4  | Entered Level 4 of the Swamp
 31447 | Swamp:3  | Noticed Roxanne
 32333 | Swamp:3  | Noticed Kirke
 32339 | Swamp:3  | Killed Kirke
 32510 | Swamp:3  | Killed Mara
 32510 | Swamp:3  | Enslaved Mara
 32594 | Swamp:3  | Noticed Jorgrun
 32608 | Swamp:3  | Killed Jorgrun
 32608 | Swamp:3  | Reached skill level 17 in Dodging
 32864 | Swamp:4  | Noticed a thorn hunter
 32875 | Swamp:4  | Killed a thorn hunter
 32876 | Swamp:4  | Received a gift from Yredelemnul (a flayed ghost)
 33600 | Swamp:4  | Received a gift from Yredelemnul (a vampire knight)
 33756 | Swamp:4  | Reached XP level 16. HP: 103/111 MP: 25/25
 33802 | Swamp:4  | Noticed the 27-headed Lernaean hydra
 33803 | Swamp:4  | Killed the 27-headed Lernaean hydra
 33804 | Swamp:4  | Received a gift from Yredelemnul (a phantasmal warrior)
 33862 | Swamp:4  | Got a scorched flail
 33881 | Swamp:4  | Identified the +9 flail of Painful Death {speed, rC+ MR- Str+2 Int+3} (You found it on level 4 of the Swamp)
 33932 | Swamp:4  | Got a decaying rune of Zot
 34214 | Spider:1 | Entered Level 1 of the Spider Nest
 34369 | Spider:1 | Received a gift from Yredelemnul (a bone dragon)
 34536 | Spider:1 | Received a gift from Yredelemnul (a skeletal warrior)
 34569 | Spider:1 | Received a gift from Yredelemnul (a vampire knight)
 35671 | Spider:3 | Received a gift from Yredelemnul (a skeletal warrior)
 35692 | Spider:3 | Reached skill level 18 in Dodging
 35912 | Spider:3 | Identified a scroll of acquirement
 35914 | Spider:3 | Got a heavily runed jade ring
 35923 | Spider:3 | Identified the ring of Ded Peq {rF+ rC+ Int+2 Dex-2 Stlth+} (You acquired it on level 3 of the Spider Nest)
 35979 | Spider:3 | Received a gift from Yredelemnul (a phantasmal warrior)
 36020 | Spider:3 | Received a gift from Yredelemnul (a skeletal warrior)
 36069 | Spider:3 | Received a gift from Yredelemnul (a bone dragon)
 36751 | Spider:4 | Entered Level 4 of the Spider Nest
 36982 | Spider:4 | Received a gift from Yredelemnul (a vampire)
 37076 | Spider:4 | Your ally Mara died
 37344 | Spider:4 | Got a gossamer rune of Zot
 37983 | D:12     | Bought a ration for 65 gold pieces
 37983 | D:12     | Bought a ration for 65 gold pieces
 37983 | D:12     | Bought a ration for 65 gold pieces
 38142 | D:12     | Found Irphac's General Store.
 38253 | D:12     | Found Raecw's Armour Shoppe.
 38377 | D:13     | Received a gift from Yredelemnul (a bone dragon)
 39032 | D:14     | Reached XP level 17. HP: 119/119 MP: 26/26
 39302 | D:14     | Received a gift from Yredelemnul (a ghoul)
 39325 | D:14     | Found a gate to the Vaults.
 39865 | D:15     | Entered Level 15 of the Dungeon
 40010 | D:15     | Found a white marble altar of Elyvilon.
 40010 | D:15     | Found a shimmering altar of Xom.
 40011 | D:15     | Found a sacrificial altar of Ru.
 40057 | D:15     | Reached skill level 19 in Dodging
 40303 | D:15     | Found a staircase to the Depths.
 40450 | D:15     | Received a gift from Yredelemnul (a ghoul)
 40640 | D:15     | Reached skill level 5 in Shields
 41084 | D:15     | Identified Ewkoarob's Almanac of Conjuration
 41120 | D:15     | Got a scorched iron amulet
 41123 | D:15     | Identified the amulet "Kawnyror" {Reflect Int+3 SH+4} (You found it on level 15 of the Dungeon)
 41331 | D:15     | Received a gift from Yredelemnul (a vampire)
 41753 | D:12     | Bought a potion of haste for 140 gold pieces
 41753 | D:12     | Bought a ration for 70 gold pieces
 41951 | Orc:2    | Bought a scroll of magic mapping for 98 gold pieces
 41957 | Orc:2    | Bought a potion of might for 48 gold pieces
 41957 | Orc:2    | Bought a potion of cancellation for 96 gold pieces
 41957 | Orc:2    | Bought 2 potions of mutation for 192 gold pieces
 41957 | Orc:2    | Bought a potion of agility for 48 gold pieces
 42033 | Elf:1    | Entered Level 1 of the Elven Halls
 42203 | Elf:1    | Noticed Terandir's ghost (adept MiFi)
 42225 | Elf:1    | Killed Terandir's ghost
 42226 | Elf:1    | Received a gift from Yredelemnul (a vampire)
 42630 | Elf:1    | Reached XP level 18. HP: 129/129 MP: 28/28
 43088 | Elf:2    | Found a runed gate.
 43088 | Elf:2    | Found a runed gate.
 43090 | Elf:2    | Found a runed gate.
 43250 | Elf:2    | Received a gift from Yredelemnul (a flayed ghost)
 43292 | Elf:2    | Received a gift from Yredelemnul (a ghoul)
 43447 | Elf:2    | Killed a bone dragon
 43594 | Elf:2    | Noticed Saint Roka
 43614 | Elf:2    | Killed Saint Roka
 43653 | Elf:2    | Received a gift from Yredelemnul (a bone dragon)
 43898 | Elf:2    | Received a gift from Yredelemnul (a vampire)
 43923 | Elf:2    | Gained mutation: Your spells are a little easier to cast, but a little less powerful. [a neqoxec]
 43933 | Elf:2    | Noticed a Brimstone Fiend
 44306 | Elf:3    | Entered Level 3 of the Elven Halls
 44365 | Elf:3    | Noticed Bai Suzhen
 44379 | Elf:3    | Killed Bai Suzhen
 44379 | Elf:3    | Enslaved Bai Suzhen
 44406 | Elf:3    | Reached skill level 20 in Dodging
 44416 | Elf:3    | Noticed a Tzitzimitl
 44451 | Elf:3    | Noticed a deep elf blademaster
 44453 | Elf:3    | Received a gift from Yredelemnul (a flayed ghost)
 44458 | Elf:3    | Killed a deep elf master archer
 44462 | Elf:3    | Killed a deep elf blademaster
 44474 | Elf:3    | Noticed a deep elf blademaster
 44482 | Elf:3    | Killed a deep elf blademaster
 45217 | Elf:3    | Found a radiant altar of Vehumet.
 45524 | Elf:3    | Noticed a deep elf master archer
 45533 | Elf:3    | Killed a deep elf master archer
 45533 | Elf:3    | Enslaved a deep elf master archer
 45644 | Elf:3    | Got an ichor-stained dagger {freeze}
 45732 | Elf:3    | Found the +3 crown of Dyrovepreva {rElec Int+2 SInv}
 45741 | Elf:3    | Identified Sif Muna's Reference Book on Freezing Talismans
 45822 | Elf:3    | Identified the Grimoire of Augmentations
 45827 | Elf:3    | Got a pitted jade ring
 45868 | Elf:3    | Got a jewelled war axe
 45869 | Elf:3    | Identified the +9 war axe of Duirr {elec, Str+6 Int+7} (You found it on level 3 of the Elven Halls)
 45875 | Elf:3    | Identified the ring of Xiud {Wiz rC+} (You found it on level 3 of the Elven Halls)
 45943 | Elf:3    | Got an ancient hunting sling
 45976 | Elf:3    | Identified the cursed +2 hunting sling "Namnagri" {freeze, rPois rN+ MP+9 Stlth-} (You found it on level 3 of the Elven Halls)
 46002 | Elf:3    | Got a faintly glowing arbalest
 46004 | Elf:3    | Identified the +2 arbalest of Spring {penet, *Drain +Blink rPois Stlth+} (You found it on level 3 of the Elven Halls)
 46046 | Elf:3    | Learned a level 3 spell: Regeneration
 46050 | Elf:3    | Learned a level 3 spell: Ozocubu's Armour
 46052 | Elf:3    | Identified the +7 dagger of Battle {freeze, *Drain Dex+4} (You took it off a deep elf sorcerer on level 3 of the Elven Halls)
 46078 | Elf:3    | Learned a level 3 spell: Call Canine Familiar
 46591 | Slime:1  | Entered Level 1 of the Pits of Slime
 47149 | Swamp:3  | Killed Roxanne
 47555 | Vaults:1 | Entered Level 1 of the Vaults
 47588 | Vaults:1 | Reached XP level 19. HP: 132/138 MP: 29/29
 47683 | Vaults:1 | Reached skill level 15 in Fighting
 47692 | Vaults:1 | Received a gift from Yredelemnul (a phantasmal warrior)
 48042 | Vaults:1 | Received a gift from Yredelemnul (a flayed ghost)
 48415 | Vaults:1 | Received a gift from Yredelemnul (a vampire)
 49433 | Vaults:2 | Received a gift from Yredelemnul (a skeletal warrior)
 49853 | Vaults:2 | Received a gift from Yredelemnul (a vampire)
 49926 | Vaults:2 | Found a staircase to the Crypt.
 50635 | Vaults:2 | Received a gift from Yredelemnul (a phantasmal warrior)
 51276 | Vaults:2 | Received a gift from Yredelemnul (a bone dragon)
 51837 | Vaults:3 | Found a hazy altar of Hepliaklqana.
 51987 | Vaults:3 | Received a gift from Yredelemnul (a ghoul)
 52248 | Vaults:3 | Reached skill level 21 in Dodging
 52327 | Vaults:3 | Reached XP level 20. HP: 49/147 MP: 17/31
 52905 | Vaults:3 | Received a gift from Yredelemnul (a vampire knight)
 53086 | Vaults:3 | Reached skill level 15 in Invocations
 54251 | Vaults:3 | Learned a level 2 spell: Blink
 54335 | Vaults:3 | Received a gift from Yredelemnul (a vampire knight)
 54422 | Vaults:4 | Noticed Frederick
 54430 | Vaults:4 | Killed Frederick
 54430 | Vaults:4 | Enslaved Frederick
 54473 | Vaults:4 | Received a gift from Yredelemnul (a phantasmal warrior)
 54479 | Vaults:4 | Your ally Frederick died
 54513 | Vaults:4 | Received a gift from Yredelemnul (a phantasmal warrior)
 54625 | Vaults:4 | Reached skill level 10 in Shields
 55265 | Vaults:4 | Found Xeredat's General Store.
 55294 | Vaults:4 | Noticed an ancient lich
 55777 | Vaults:4 | Noticed a golden dragon
 55784 | Vaults:4 | Killed a golden dragon
 56003 | Vaults:4 | Received a gift from Yredelemnul (a vampire knight)
 56111 | Vaults:4 | Noticed Jory
 56130 | Vaults:4 | Killed Jory
 56374 | Vaults:4 | Bought a ration for 105 gold pieces
 56374 | Vaults:4 | Bought a ration for 105 gold pieces
 56374 | Vaults:4 | Bought a ration for 105 gold pieces
 56374 | Vaults:4 | Bought a ration for 105 gold pieces
 56429 | Vaults:4 | Killed an ancient lich
 56447 | Vaults:4 | Received a gift from Yredelemnul (a ghoul)
 56450 | Vaults:4 | Reached XP level 21. HP: 157/157 MP: 32/32
 56572 | Vaults:5 | Entered Level 5 of the Vaults
 56845 | Vaults:5 | Reached skill level 1 in Spellcasting
 56845 | Vaults:5 | Reached skill level 22 in Dodging
 57032 | Crypt:1  | Entered Level 1 of the Crypt
 57295 | Crypt:1  | Received a gift from Yredelemnul (a skeletal warrior)
 57804 | Crypt:1  | Noticed Margery
 57838 | Crypt:1  | Killed Margery
 58172 | Crypt:1  | Received a gift from Yredelemnul (a vampire)
 58357 | Crypt:2  | Received a gift from Yredelemnul (a flayed ghost)
 59569 | Crypt:2  | Noticed a greater mummy
 59580 | Crypt:2  | Killed a greater mummy
 59682 | Crypt:2  | Noticed a greater mummy
 59829 | Crypt:2  | Noticed a greater mummy
 59830 | Crypt:2  | Found the +7 sceptre of Torment
 59845 | Crypt:2  | Killed a greater mummy
 60532 | Depths:1 | Entered Level 1 of the Depths
 60771 | Depths:1 | Found a gateway to Hell.
 60822 | Depths:1 | Received a gift from Yredelemnul (a bone dragon)
 61689 | Depths:1 | Received a gift from Yredelemnul (a phantasmal warrior)
 61712 | Depths:1 | Learned a level 3 spell: Mephitic Cloud
 61762 | Depths:1 | Noticed Aizul
 61779 | Depths:1 | Killed Aizul
 62159 | Depths:2 | Reached XP level 22. HP: 152/166 MP: 33/33
 62171 | Depths:2 | Received a gift from Yredelemnul (a skeletal warrior)
 62633 | Depths:2 | Found a gateway to a bazaar.
 62684 | Depths:2 | Noticed Sojobo
 62707 | Depths:2 | Killed Sojobo
 62707 | Depths:2 | Enslaved Sojobo
 64177 | Depths:3 | Found Lagysk's Magic Scroll Shoppe.
 64184 | Depths:3 | Bought a scroll of enchant armour for 135 gold pieces
 64184 | Depths:3 | Bought a scroll of enchant weapon for 135 gold pieces
 64346 | Depths:3 | Received a gift from Yredelemnul (a flayed ghost)
 64686 | Depths:3 | Reached skill level 23 in Dodging
 64719 | Depths:3 | Noticed Boris
 64744 | Depths:3 | Killed Boris
 64783 | Depths:3 | Noticed Mennas
 64789 | Depths:3 | Noticed Xtahua
 64822 | Depths:3 | Found a shattered altar of Ashenzari.
 64827 | Depths:3 | Received a gift from Yredelemnul (a skeletal warrior)
 64829 | Depths:3 | Noticed a juggernaut
 64833 | Depths:3 | Found a one-way gate leading to the halls of Pandemonium.
 64836 | Depths:3 | Your ally Sojobo died
 65117 | Depths:2 | Found a one-way gate to the infinite horrors of the Abyss.
 65195 | Bazaar   | Entered a bazaar
 65199 | Bazaar   | Found Essoev's General Store.
 65218 | Bazaar   | Found Bupn's Assorted Antiques.
 65235 | Bazaar   | Found Avaepefa's Book Boutique.
 65252 | Bazaar   | Found Wech's General Store.
 65275 | Bazaar   | Bought a potion of curing for 42 gold pieces
 65294 | Bazaar   | Bought a potion of cancellation for 120 gold pieces
 65294 | Bazaar   | Bought a potion of curing for 45 gold pieces
 65294 | Bazaar   | Bought a scroll of enchant armour for 112 gold pieces
 65325 | Bazaar   | Bought 2 potions of curing for 60 gold pieces
 65325 | Bazaar   | Bought 2 potions of curing for 60 gold pieces
 65325 | Bazaar   | Bought a ration for 50 gold pieces
 65341 | Bazaar   | Bought a ration for 70 gold pieces
 65341 | Bazaar   | Bought a ration for 70 gold pieces
 65565 | Depths:4 | Received a gift from Yredelemnul (a ghoul)
 66214 | Depths:3 | Received a gift from Yredelemnul (a ghoul)
 66238 | Depths:3 | Killed a juggernaut
 66238 | Depths:3 | Enslaved a juggernaut
 66570 | Depths:3 | Got a jewelled fustibalus
 66571 | Depths:3 | Identified the +5 fustibalus "Ojagid" {freeze, +Fly MR+ Int-5 Dex+3} (You found it on level 3 of the Depths)
 67134 | Depths:4 | Received a gift from Yredelemnul (a ghoul)
 67306 | Depths:4 | Killed from afar by a deep troll earth mage

Skill      XL: |  1  2  3  4  5  6  7  8  9 10 11 12 13 14 15 16 17 18 19 20 21 22 |
---------------+-------------------------------------------------------------------+-----
Stealth        | 3 4 5 6 7 9 10 | 10.0
Dodging        | 4 5 6 8 9 11 12 13 14 16 17 18 19 20 21 22 23 | 23.4
Fighting       | 4 5 6 7 8 9 10 11 13 14 16 17 18 19 | 19.5
Long Blades    | 1 3 5 6 7 8 10 11 13 | 13.8
Invocations    | 1 4 6 7 8 10 11 12 13 14 15 | 15.1
Shields        | 2 4 5 7 9 10 11 12 | 12.6
Spellcasting   | 4 |  4.6
Short Blades   | |  3.0

Action                   |  1- 3 |  4- 6 |  7- 9 | 10-12 | 13-15 | 16-18 | 19-21 | 22-24 || total
-------------------------+-------+-------+-------+-------+-------+-------+-------+-------++-------
Melee: Short sword       |    64 |    19 |       |       |       |       |       |       ||    83
       Tentacles         |    11 |    17 |    54 |   202 |   320 |   378 |   531 |   236 ||  1749
       Constrict         |    16 |    17 |    56 |   127 |   109 |   187 |   189 |    38 ||   739
       Dagger            |       |    13 |    28 |    15 |    16 |       |       |       ||    72
       Falchion          |       |    48 |   202 |   617 |   576 |    44 |    14 |    75 ||  1576
       Long sword        |       |       |       |       |    92 |   557 |    28 |       ||   677
       Scimitar          |       |       |       |       |    44 |       |       |       ||    44
       Demon blade       |       |       |       |       |       |   242 |  1155 |   504 ||  1901
 Cast: Ozocubu's Armour  |       |       |       |       |       |     1 |       |       ||     1
Invok: Animate Remains   |       |       |    10 |     2 |       |       |       |       ||    12
       Animate Dead      |       |       |       |    45 |    70 |    60 |    46 |    23 ||   244
       Recall Undead Sla |       |       |       |    10 |    32 |    59 |    48 |     9 ||   158
       Enslave Soul      |       |       |       |     3 |     5 |    11 |     9 |     8 ||    36
       Stop Recall       |       |       |       |       |     1 |     5 |     4 |       ||    10
       Drain Life        |       |       |       |       |       |       |     3 |     8 ||    11
Evoke: Wand              |       |       |       |     3 |     8 |     3 |     2 |     1 ||    17
       Lightning rod     |       |       |       |     5 |     5 |       |       |       ||    10
       Phantom mirror    |       |       |       |       |       |     1 |       |       ||     1
  Use: Scroll            |       |       |    12 |     9 |    14 |    18 |    11 |    11 ||    75
       Potion            |       |       |     3 |     5 |    16 |     4 |     6 |     5 ||    39
 Stab: Sleeping          |    12 |    16 |    24 |    31 |    19 |    30 |    27 |     2 ||   161
       Distracted        |       |       |     2 |    12 |    17 |    25 |    27 |    16 ||    99
       Confused          |       |       |       |     5 |     1 |       |       |       ||     6
       Paralysed         |       |       |       |       |       |     1 |     2 |       ||     3
       Betrayed ally     |       |       |       |       |       |       |     1 |       ||     1
  Eat: Chunk             |       |     5 |    10 |    29 |    48 |    47 |    27 |    16 ||   182
       Ration            |       |       |     2 |     7 |     8 |     7 |    12 |     5 ||    41
Armor: Skin              |     9 |     8 |    13 |    26 |    19 |    19 |    24 |    20 ||   138
Dodge: Dodged            |    49 |    68 |   161 |   621 |   705 |   638 |   823 |   468 ||  3533
Block: Buckler           |       |       |       |       |    93 |   270 |   376 |    14 ||   753
       Shield            |       |       |       |       |       |       |    65 |   312 ||   377
       Rpst.: Falchion   |       |    13 |    44 |   169 |   130 |     6 |     2 |     7 ||   371
       Long sword        |       |       |       |       |    22 |    92 |    19 |       ||   133
       Scimitar          |       |       |       |       |     6 |       |       |       ||     6
       Demon blade       |       |       |       |       |       |    26 |   169 |    67 ||   262
